AoeStats
← 大明朱元璋

Arena

506632872Analyzed
4v4 RM · 17d ago on Sep 14, 2026· 44m 34s· 8 players
Game mode
Random Map
Map size
Large (8 player)
Population
200
Speed
Normal
Resources
Standard
Victory
Conquest
Starting age
Dark Age
Ending age
Imperial Age
RankedLock teamsTeams togetherTeam positionsShared explorationLock speedFull tech treeHidden civsTurbo modeCheats
Victory
Defeat
🇫🇮 Bohemians · Finland
967
+13
🇹🇷 Magyars · Türkiye
965
+13
🇹🇼 Chinese · Taiwan
931
+15
🇰🇷 Persians · South Korea
896
+17
🇹🇷 Britons · Türkiye
911
-15
🇹🇷 Teutons · Türkiye
911
-15
🇹🇷 Cumans · Türkiye
898
-14
🇹🇷 Romans · Türkiye
893
-14
jeffhou47
12:30 Feudal Age
13:08 Double-Bit Axe
13:05 Horse Collar
14:29 Stone Mining
14:30 Gold Mining
24:54 Castle Age
24:01 Man-at-Arms
25:10 Crossbowman
25:13 Pikeman
35:28 Imperial Age
35:30 Fortified Wall
35:41 Ballistics
35:22 Elite Skirmisher
36:03 Padded Archer Armor
35:54 Fletching
36:05 Scale Mail Armor
37:48 Wheelbarrow
37:54 Wheelbarrow
37:26 Heavy Rocket Cart
37:52 Halberdier
38:33 Squires
39:39 Hand Cart
41:32 Arbalester
44:41 Murder Holes
45:47 Chemistry
大明朱元璋
14:12 Feudal Age
15:24 Wheelbarrow
14:35 Horse Collar
14:44 Double-Bit Axe
15:07 Loom
20:58 Castle Age
19:25 Stone Mining
19:42 Gold Mining
20:20 Forging
21:45 Hand Cart
21:45 Bow Saw
22:21 Heavy Plow
28:51 Gold Shaft Mining
32:21 Imperial Age
33:13 Iron Casting
32:41 Scale Mail Armor
32:52 Scale Barding Armor
33:20 Conscription
33:03 Kamandaran
33:41 Crop Rotation
34:14 Two-Man Saw
33:17 Fletching
33:36 Elite War Elephant
34:19 Pikeman
35:00 Squires
34:45 Gambesons
34:46 Arson
36:28 Blast Furnace
35:49 Chain Barding Armor
36:08 Thumb Ring
35:23 Crossbowman
36:17 Bodkin Arrow
36:24 Scale Mail Armor
36:58 Halberdier
38:01 Ballistics
38:19 Scale Mail Armor
39:04 Plate Barding Armor
39:04 Padded Archer Armor
Rcu
9:44 Feudal Age
8:41 Loom
14:28 Castle Age
21:34 Double-Bit Axe
43:45 Horse Collar
45:46 Wheelbarrow
Санитайзер
11:27 Feudal Age
16:51 Castle Age
16:32 Double-Bit Axe
17:25 Horse Collar
20:41 Wheelbarrow
20:38 Bow Saw
20:42 Bloodlines
20:33 Husbandry
21:49 Husbandry
22:57 Heavy Plow
24:39 Hand Cart
31:04 Imperial Age
29:00 Loom
29:34 Gold Mining
30:29 Scale Barding Armor
32:02 Gold Shaft Mining
32:32 Chain Barding Armor
34:05 Two-Man Saw
33:37 Crop Rotation
32:51 Cavalier
34:09 Stone Mining
35:46 Plate Barding Armor
35:37 Paladin
38:12 Conscription
39:20 Fletching
Baydoweyy
11:07 Feudal Age
11:47 Horse Collar
11:54 Double-Bit Axe
12:36 Gold Mining
vorbecktuna
0:28 Loom
10:11 Feudal Age
11:29 Wheelbarrow
10:46 Double-Bit Axe
10:57 Horse Collar
19:52 Castle Age
21:10 Hand Cart
20:57 Heavy Plow
21:10 Bow Saw
20:56 Stone Mining
22:31 Padded Archer Armor
22:22 Fletching
24:45 Bodkin Arrow
25:29 Gold Mining
28:33 Leather Archer Armor
29:06 Fortified Wall
30:06 Gold Shaft Mining
40:14 Imperial Age
41:56 Conscription
Pasa2245
0:45 Loom
10:37 Feudal Age
11:55 Wheelbarrow
11:02 Horse Collar
11:11 Double-Bit Axe
21:53 Castle Age
21:07 Scale Barding Armor
21:12 Forging
21:02 Gold Mining
21:05 Stone Mining
22:52 Hand Cart
23:35 Caravan
26:51 Stone Shaft Mining
26:35 Heavy Plow
34:12 Imperial Age
33:28 Iron Casting
36:05 Chemistry
35:11 Cavalier
37:02 Conscription
36:50 Paladin
40:51 Elite Teutonic Knight
AlpAlpx
0:26 Loom
10:37 Feudal Age
11:49 Double-Bit Axe
11:52 Horse Collar
20:53 Castle Age
20:43 Gold Mining
20:44 Stone Mining
26:07 Husbandry
26:18 Bloodlines
26:48 Bow Saw
26:53 Heavy Plow
28:59 Scale Mail Armor
29:05 Scale Barding Armor
29:13 Forging
32:16 Wheelbarrow
34:30 Hand Cart
35:38 Gold Shaft Mining
35:29 Chain Barding Armor
35:45 Iron Casting
40:25 Imperial Age
40:37 Elite Centurion
41:39 Comitatenses
41:40 Conscription
Connection lost

Rejoining the realm…

Still unreachable

The connection could not be restored.

Session expired

The server has moved on; the page needs a fresh start.